 Dungeon Crawl Stone Soup version 0.26-a0-695-g987792ac36 (webtiles) character file.

Game seed: 5653798177992978614

19735 mandarbmax the Nimble (level 12, -17/54 HPs)
             Began as a Spriggan Venom Mage on Oct 25, 2020.
             Was a High Priest of Kikubaaqudgha.
             Hit by a large rock thrown by a cyclops (41 damage)
             ... on level 2 of the Orcish Mines.
             The game lasted 01:06:50 (17527 turns).

mandarbmax the Nimble (Spriggan Venom Mage)        Turns: 17527, Time: 01:06:51

Health: -17/54     AC:  5    Str:  4    XL:     12   Next: 39%
Magic:  26/26      EV: 24    Int: 36    God:    Kikubaaqudgha [*****.]
Gold:   1553       SH: 16    Dex: 18    Spells: 1/29 levels left

rFire    . . .     SeeInvis +   r - +5 dagger (speed)
rCold    . . .     Faith    .   f - +3 buckler of Lugonu's Indignation {Int+4}
rNeg     . . .     Spirit   .   I - +0 troll leather armour
rPois    .         Reflect  +   (helmet restricted)
rElec    .         Harm     .   u - +0 cloak
rCorr    .         Rampage  .   (gloves unavailable)
MR       ++...                  (boots unavailable)
Stlth    ++++......             J - amulet of reflection
HPRegen  0.58/turn              p - +6 ring of intelligence
MPRegen  0.20/turn              A - +6 ring of intelligence

@: very quick
A: very small, unfitting armour, see invisible, speed 3
a: Receive Corpses, Torment, Renounce Religion


You were on level 2 of the Orcish Mines.
You worshipped Kikubaaqudgha.
Kikubaaqudgha was extremely pleased with you.
You visited 2 branches of the dungeon, and saw 12 of its levels.

You collected 1553 gold pieces.

Inventory:

Hand Weapons
 r - a +5 dagger of speed (weapon)
 C - a +0 short sword of flaming
Missiles
 E - 2 curare-tipped darts
 F - 19 poisoned darts (quivered)
Armour
 a - a +2 robe
 f - the +3 buckler of Lugonu's Indignation (worn) {Int+4}
   (You found it on level 5 of the Dungeon)

   It affects your intelligence (+4).
 u - a +0 cloak (worn)
 B - +0 acid dragon scales
 I - a +0 troll leather armour (worn)
Magical Staves
 D - an uncursed staff of death
Jewellery
 n - an uncursed ring of protection from fire
 p - a +6 ring of intelligence (left hand)
 q - an uncursed ring of magical power
 A - a +6 ring of intelligence (right hand)
 G - an uncursed ring of fire
 J - an amulet of reflection (around neck)
Wands
 o - a wand of iceblast (12)
 x - a wand of enslavement (12)
 y - a wand of acid (16)
 z - a wand of flame (14)
Scrolls
 c - 3 scrolls of remove curse
 e - a scroll of magic mapping
 i - 2 scrolls of amnesia
 l - 2 scrolls of fog
 m - 4 scrolls of teleportation
Potions
 b - 4 potions of flight {unknown}
 d - a potion of magic
 g - 8 potions of curing
 h - 2 potions of cancellation
 j - 2 potions of brilliance
 k - a potion of berserk rage
 s - a potion of mutation
 t - 2 potions of haste
 v - 3 potions of lignification {unknown}
 w - 5 potions of might {unknown}


   Skills:
 - Level 2.0 Fighting
 + Level 9.7 Short Blades
 - Level 2.0 Armour
 - Level 10.0 Dodging
 - Level 8.0 Stealth
 - Level 7.2 Shields
 - Level 9.0 Spellcasting
 - Level 1.0 Conjurations
 - Level 7.0 Necromancy
 - Level 2.0 Transmutations
 - Level 2.0 Air Magic
 - Level 8.0 Poison Magic
 - Level 4.0 Evocations


You had one spell level left.
You knew the following spells:

 Your Spells              Type           Power        Failure   Level
a - Corpse Rot            Necr/Air       N/A          1%          2
b - Poisonous Vapours     Pois/Air       ######       1%          2
c - Mephitic Cloud        Conj/Pois/Air  #####...     3%          3
d - Ignite Poison         Fire/Tmut/Pois #####...     3%          3
e - Olgreb's Toxic Radia  Pois           ######..     1%          4
f - Animate Dead          Necr           ######....   2%          4
g - Beastly Appendage     Tmut           ####..       1%          1
h - Excruciating Wounds   Necr           ######....   7%          5
i - Dispel Undead         Necr           ######..     2%          4

Your spell library contained the following spells:

 Spells                   Type           Power        Failure   Level
 Pain                     Necr           ####         1%          1
 Sting                    Tmut/Pois      ####         1%          1
 Sublimation of Blood     Necr           ######....   1%          2
 Spider Form              Tmut/Pois      ######....   1%          3
 Vampiric Draining        Necr           ######....   1%          3
 Wereblood                Tmut           ####....     3%          2
 Ice Form                 Ice/Tmut       ###.....     28%         4
 Borgnjor's Vile Clutch   Necr/Erth      #####.....   28%         5
 Death Channel            Necr           ######....   36%         6
 Blade Hands              Tmut           ####......   47%         5
 Irradiate                Conj/Tmut      ####......   54%         5
 Freezing Cloud           Conj/Ice/Air   ###.......   99%         6
 Starburst                Conj/Fire      ###.......   99%         6


Dungeon Overview and Level Annotations

Branches:
Dungeon (10/15)            Temple (0/1) D:5            Lair (0/6) D:10
    Orc (2/2) D:10            Elf (0/3) Orc:2

Altars:
Elyvilon
Fedhas
Gozag
Kikubaaqudgha
Sif Muna
Trog
Vehumet
Xom
Zin
Beogh

Annotations:
D:10 2 transporters, felt's ghost, journeyman DDFi


Innate Abilities, Weirdness & Mutations

You are very small and have problems with some larger weapons.
You are too small for most types of armour.
You have supernaturally acute eyesight. (SInv)
You cover ground extremely quickly.


Message History

F - 13 poisoned darts (gained 2)
F - 14 poisoned darts (gained 1)
F - 15 poisoned darts (gained 1)
F - 16 poisoned darts (gained 1)
F - 17 poisoned darts (gained 1)
F - 18 poisoned darts (gained 1)
F - 19 poisoned darts (gained 1) Done exploring.
(D) Dungeon (T) Temple (L) Lair (O) Orcish Mines (E) Elven Halls
Where to? (Enter - Orc:2, ? - help)
There is a stone staircase leading down here.
You climb downwards.
The two-headed ogre hits you with a +0 giant club!!
Ouch! That really hurt!
The two-headed ogre misses you.
The cyclops throws a large rock.
The large rock hits you!!!
Ouch! That really hurt!
You die...
Kikubaaqudgha rasps: "You have failed me!
Welcome... death!"

,..............####
,.............#.#.##
,.....#).).........#### ##* *#
,............)....###.## ##^####.
,..#........O..(...#...# #....#..
,,,#....>.#)...#....#.#* *#......
,.......))............#####......
,..O.........#.#.......#.........
,.............#o@O..#.#.....#....
,.........(..........###...#....#
,.........C.............#......##
∩...$...).[........#...........#
,,,,,,∩...........#...........##
,,,,,,,,.........#....#..#....###
,,,,,,,,,............#.........##
,,,,,,,,,............##..........
,,,,,,,,,,,,,,,,,,,,,*#..........


You could see a two-headed ogre, a cyclops and an orc warrior.

Vanquished Creatures
  An ettin (Orc:2)
  Harold (D:8)
  4 two-headed ogres
  5 death yaks (D:10)
  Sonja (Orc:1)
  An unseen horror (D:10)
  An orc knight (Orc:1)
  An orc sorcerer (Orc:1)
  An ugly thing (D:8)
  A centaur zombie (D:10)
  Maggie (D:8)
  5 trolls
  A slime creature (D:10)
  Sigmund (D:2)
  A shadow (D:4)
  9 yaks (D:10)
  3 wargs (Orc:1)
  A water moccasin (D:7)
  14 orc warriors
  A swamp drake (D:10)
  2 sky beasts
  3 ice beasts
  A black bear (D:6)
  2 phantoms
  A necrophage (D:9)
  7 ogres
  5 centaurs
  2 big kobolds
  A gnoll sergeant (D:6)
  5 bullfrogs
  A wyvern skeleton (D:10)
  2 scorpions
  2 water moccasin skeletons
  9 killer bees
  4 wights (D:6)
  A howler monkey (D:10)
  A bullfrog zombie (D:6)
  A quasit (D:4)
  A bullfrog skeleton (D:10)
  2 centaur skeletons
  5 hounds
  9 orc priests
  23 orc wizards
  6 iguanas
  6 worker ants
  A hound zombie (D:5)
  The ghost of 1paleale the Sneak, a weakling OpDe (D:4)
  A howler monkey zombie (D:5)
  A worker ant zombie (D:10)
  9 gnolls
  A howler monkey skeleton (D:4)
  12 adders
  A shadow imp (D:6)
  2 white imps
  An adder skeleton (D:5)
  2 dart slugs
  4 worms
  4 leopard geckos
  62 orcs
  3 bats
  6 giant cockroaches
  9 goblins
  16 hobgoblins
  29 jackals
  10 kobolds
  7 quokkas
  7 frilled lizards
  A jackal skeleton (D:5)
  A leopard gecko skeleton (D:5)
  A quokka skeleton (D:6)
  12 rats
360 creatures vanquished.

Vanquished Creatures (collateral kills)
  A phantom (D:10)
  An orc (Orc:1)
2 creatures vanquished.

Grand Total: 362 creatures vanquished

Notes
Turn   | Place    | Note
-------+----------+-------------------------------------------
     0 | D:1      | mandarbmax the Spriggan Venom Mage began the quest for the
                  | Orb.
     0 | D:1      | Reached XP level 1. HP: 9/9 MP: 5/5
   119 | D:1      | Reached XP level 2. HP: 13/13 MP: 0/7
   202 | D:1      | Learned a level 2 spell: Poisonous Vapours
   709 | D:1      | Reached XP level 3. HP: 16/16 MP: 3/9
   766 | D:1      | Learned a level 3 spell: Mephitic Cloud
   770 | D:1      | Learned a level 3 spell: Ignite Poison
  1729 | D:2      | Reached XP level 4. HP: 21/21 MP: 3/11
  2402 | D:2      | Reached XP level 5. HP: 22/24 MP: 5/12
  2519 | D:2      | Reached skill level 5 in Poison Magic
  2920 | D:2      | Noticed Sigmund
  2940 | D:2      | Killed Sigmund
  2940 | D:2      | Reached skill level 5 in Spellcasting
  2940 | D:2      | Reached XP level 6. HP: 22/28 MP: 1/14
  3545 | D:3      | Learned a level 4 spell: Olgreb's Toxic Radiance
  4179 | D:4      | Noticed an orc warrior
  4440 | D:4      | Killed an orc warrior
  4440 | D:4      | Reached XP level 7. HP: 32/32 MP: 3/15
  5156 | D:4      | Found a runed translucent gate.
  5156 | D:4      | Found a runed translucent gate.
  5157 | D:4      | Found an opulent altar of Gozag.
  5159 | D:4      | Found a runed translucent gate.
  5159 | D:4      | Noticed a shadow
  5160 | D:4      | Noticed 1paleale's ghost (weakling OpDe)
  5274 | D:4      | Found a glowing silver altar of Zin.
  5275 | D:4      | Found a white marble altar of Elyvilon.
  5275 | D:4      | Found an ancient bone altar of Kikubaaqudgha.
  5288 | D:4      | Found a shimmering blue altar of Sif Muna.
  5319 | D:4      | Became a worshipper of Kikubaaqudgha
  6143 | D:5      | Entered Level 5 of the Dungeon
  6422 | D:4      | Reached skill level 4 in Dodging
  6691 | D:5      | Found a shimmering altar of Xom.
  6698 | D:5      | Got a distressingly furry buckler
  6708 | D:5      | Identified the +3 buckler of Lugonu's Indignation {Int+4}
                  | (You found it on level 5 of the Dungeon)
  6718 | D:5      | Found a staircase to the Ecumenical Temple.
  6754 | D:5      | Reached skill level 5 in Dodging
  6754 | D:5      | Reached XP level 8. HP: 36/36 MP: 18/18
  6907 | D:5      | Reached * piety under Kikubaaqudgha
  6907 | D:5      | Identified Kikubaaqudgha's Almanac of Dark Magic
                  | (Kikubaaqudgha gifted it to you on level 5 of the Dungeon)
  6907 | D:5      | Received a gift from Kikubaaqudgha
  6912 | D:5      | Learned a level 2 spell: Corpse Rot
  7158 | D:5      | Found a blossoming altar of Fedhas.
  7177 | D:5      | Reached skill level 1 in Shields
  7177 | D:5      | Reached skill level 1 in Air Magic
  7277 | D:5      | Found a bloodstained altar of Trog.
  7423 | D:5      | Reached skill level 6 in Dodging
  7423 | D:5      | Reached skill level 1 in Conjurations
  8097 | D:6      | Reached ** piety under Kikubaaqudgha
  8627 | D:6      | Reached skill level 1 in Necromancy
  9017 | D:7      | Reached XP level 9. HP: 39/39 MP: 16/19
  9717 | D:7      | Reached skill level 5 in Shields
  9823 | D:7      | Reached *** piety under Kikubaaqudgha
  9823 | D:7      | Identified Kikubaaqudgha's Reference Book on Necromancy
                  | (Kikubaaqudgha gifted it to you on level 7 of the Dungeon)
  9823 | D:7      | Received a gift from Kikubaaqudgha
  9830 | D:7      | Learned a level 4 spell: Animate Dead
  9832 | D:7      | Learned a level 1 spell: Beastly Appendage
 10157 | D:7      | Reached skill level 7 in Dodging
 10685 | D:8      | Noticed a brown ugly thing
 10693 | D:8      | Killed a brown ugly thing
 11054 | D:8      | Noticed Maggie
 11060 | D:8      | Killed Maggie
 11060 | D:8      | Reached skill level 8 in Dodging
 11060 | D:8      | Reached XP level 10. HP: 44/44 MP: 15/21
 11328 | D:8      | Identified the Catalogue of Attacks
 11492 | D:8      | Noticed Harold
 11499 | D:8      | Killed Harold
 11499 | D:8      | Reached skill level 1 in Armour
 11499 | D:8      | Reached skill level 5 in Necromancy
 12037 | D:9      | Found a radiant altar of Vehumet.
 12810 | D:9      | Identified a scroll of acquirement
 12810 | D:9      | Acquired an uncursed staff of death
 12854 | D:10     | Entered Level 10 of the Dungeon
 13013 | D:10     | Reached skill level 1 in Fighting
 13257 | D:10     | Found a transporter.
 13257 | D:10     | Noticed felt's ghost (journeyman DDFi)
 13280 | D:10     | Found a transporter.
 13324 | D:10     | Noticed a two-headed ogre
 13333 | D:10     | Killed a two-headed ogre
 13333 | D:10     | Reached **** piety under Kikubaaqudgha
 13333 | D:10     | Reached XP level 11. HP: 50/50 MP: 7/25
 13379 | D:10     | Noticed an unseen horror
 13405 | D:10     | Noticed a death yak
 13405 | D:10     | Noticed a death yak
 13428 | D:10     | Killed an unseen horror
 13798 | D:10     | Found a staircase to the Orcish Mines.
 14099 | D:10     | Noticed a death yak
 14633 | D:10     | Found a staircase to the Lair.
 14656 | D:10     | Noticed a death yak
 14662 | D:10     | Noticed a death yak
 14665 | D:10     | Killed a death yak
 14665 | D:10     | Reached skill level 1 in Short Blades
 14665 | D:10     | Reached skill level 9 in Dodging
 14665 | D:10     | Reached skill level 5 in Stealth
 14665 | D:10     | Reached skill level 1 in Evocations
 14678 | D:10     | Killed a death yak
 14682 | D:10     | Killed a death yak
 14998 | D:10     | Killed a death yak
 15128 | D:10     | Found an ancient bone altar of Kikubaaqudgha.
 15204 | D:10     | Killed a death yak
 15365 | D:10     | Learned a level 5 spell: Excruciating Wounds
 15370 | D:10     | Learned a level 4 spell: Dispel Undead
 15498 | D:4      | Reached skill level 10 in Dodging
 15510 | D:4      | Killed 1paleale's ghost
 15741 | Orc:1    | Entered Level 1 of the Orcish Mines
 15741 | Orc:1    | Noticed an orc sorcerer
 15744 | Orc:1    | Killed an orc sorcerer
 15751 | Orc:1    | Reached ***** piety under Kikubaaqudgha
 15898 | Orc:1    | Noticed Sonja
 16029 | Orc:1    | Killed Sonja
 16029 | Orc:1    | Reached skill level 5 in Short Blades
 16107 | Orc:1    | Noticed an orc knight
 16113 | Orc:1    | Killed an orc knight
 16348 | Orc:1    | Found a roughly hewn altar of Beogh.
 16359 | Orc:1    | Reached XP level 12. HP: 54/54 MP: 18/26
 17175 | Orc:2    | Entered Level 2 of the Orcish Mines
 17209 | Orc:2    | Found a staircase to the Elven Halls.
 17218 | Orc:2    | Noticed a two-headed ogre
 17218 | Orc:2    | Noticed a two-headed ogre
 17230 | Orc:2    | Killed a two-headed ogre
 17230 | Orc:2    | Killed a two-headed ogre
 17236 | Orc:2    | Noticed an ettin
 17239 | Orc:2    | Noticed a two-headed ogre
 17248 | Orc:2    | Noticed a two-headed ogre
 17252 | Orc:2    | Killed an ettin
 17252 | Orc:2    | Killed a two-headed ogre
 17527 | Orc:2    | Hit by a large rock thrown by a cyclops

Illustrated notes

Levels and vault maps discovered:
D:1:      mrwooster_arrival_statue, layout_basic
D:2:      layout_rooms, st_stairs_9, cheibrodos_gnoll_hut, uniq_sigmund
D:3:      layout_loops_ring
D:4:      layout_loops_cross, nicolae_overflow_quartered_altars,
          ebering_ghost_gozag
D:5:      layout_loops_cross, lemuel_doored_altar, lemuel_round_altar,
          fedhas_altar_2, minmay_temple_entry_mini_moons
D:6:      layout_loops_ring
D:7:      layout_loops_corners
D:8:      layout_loops_ring, uniq_maggie, uniq_harold
D:9:      layout_basic, nicolae_overflow_crystal_walls
D:10:     cheibrodos_barr_body, layout_long_grid, dpeg_lair_monsters,
          erik_orc_1, basic_altar, gammafunk_ghost_mausoleum
Orc:1:    layout_caves, basic_altar, uniq_sonja
Orc:2:    st_orc_open, layout_caves

Skill      XL: |  1  2  3  4  5  6  7  8  9 10 11 12 |
---------------+-------------------------------------+-----
Spellcasting   | 3 4 5 6 9 |  9.0
Transmutations | 2 |  2.0
Poison Magic   | 4 6 7 8 |  8.0
Dodging        | 5 6 8 10 | 10.0
Shields        | 3 5 6 7 |  7.2
Air Magic      | 2 |  2.0
Conjurations   | 1 |  1.0
Necromancy     | 2 4 6 7 |  7.0
Armour         | 2 |  2.0
Fighting       | 2 |  2.0
Stealth        | 8 |  8.0
Short Blades   | 6 9 |  9.7
Evocations     | 4 |  4.0

Action                   |  1- 3 |  4- 6 |  7- 9 | 10-12 || total
-------------------------+-------+-------+-------+-------++-------
Melee: Dagger            |    21 |    44 |    93 |   185 ||   343
       Headbutt          |       |       |       |     2 ||     2
       Kick              |       |       |       |     1 ||     1
Throw: Throwing net      |       |       |       |     1 ||     1
       Dart              |       |       |       |     9 ||     9
 Cast: Sting             |    17 |    15 |     6 |       ||    38
       Poisonous Vapours |    36 |    72 |   148 |   114 ||   370
       Mephitic Cloud    |       |     3 |    32 |    31 ||    66
       Ignite Poison     |       |       |    43 |    45 ||    88
       Olgreb's Toxic Ra |       |       |     8 |    30 ||    38
       Corpse Rot        |       |       |     1 |     2 ||     3
       Beastly Appendage |       |       |     1 |     1 ||     2
       Animate Dead      |       |       |       |     2 ||     2
Evoke: Wand              |       |       |       |     3 ||     3
  Use: Scroll            |       |       |    20 |     7 ||    27
 Stab: Sleeping          |     2 |     1 |       |     1 ||     4
       Confused          |       |     3 |     1 |     5 ||     9
       Distracted        |       |       |     1 |     1 ||     2
Armor: Robe              |     2 |     1 |    15 |       ||    18
       Acid dragon scale |       |       |       |    13 ||    13
       Troll leather arm |       |       |       |     3 ||     3
Dodge: Dodged            |    17 |    32 |    79 |    71 ||   199
Block: Buckler           |       |       |    21 |    62 ||    83
       Reflection        |       |       |       |     4 ||     4

Table legend: (Time is in decaauts)
 A = Elapsed time spent in this place.
 B = Non-inter-level travel time spent in this place.
 C = Inter-level travel time spent in this place.
 D = Time resting spent in this place.
 E = Time spent auto-exploring this place.
 F = Levels seen in this place.
 G = Mean time per level.
                   A        B        C        D        E       F      G
               +--------+--------+--------+--------+--------+-----+--------+
         Total |  14595 |  14045 |    550 |   6942 |   5213 |  12 | 1216.2 |
       Dungeon |  13531 |  13000 |    531 |   6442 |   4925 |  10 | 1353.1 |
  Orcish Mines |   1064 |   1046 |     18 |    500 |    288 |   2 |  532.0 |
               +--------+--------+--------+--------+--------+-----+--------+

Top non-repeatable levels by time:
    D:10: 2292 daAuts
     D:4: 1914 daAuts
     D:1: 1573 daAuts
     D:9: 1423 daAuts
     D:7: 1254 daAuts
     D:6: 1194 daAuts
     D:2: 1114 daAuts
     D:3: 1035 daAuts
   Orc:1: 1005 daAuts
     D:5: 895 daAuts
     D:8: 832 daAuts
   Orc:2: 58 daAuts
